 Dungeon Crawl Stone Soup version 0.30-a0-462-gd5975efbca (webtiles) character file.

Game seed: 2056980913171691651

56571 MackTheKnife the Bludgeoner (level 14, -5/163 HPs)
             Began as an Ogre Gladiator on Dec 16, 2022.
             Was a High Priest of the Shining One.
             Slain by a large abomination (17 damage)
             ... on level 1 of the Abyss.
             The game lasted 00:28:42 (22825 turns).

MackTheKnife the Bludgeoner (Ogre Gladiator)       Turns: 22825, Time: 00:28:43

Health: -5/163     AC: 10    Str: 29      XL:     14   Next: 82%
Magic:  16/16      EV: 12    Int:  8 (9)  God:    the Shining One [*****.]
Gold:   1470       SH:  0    Dex: 18      Spells: 13/13 levels left

rFire   . . .      SeeInvis .    a - +2 flail (elec) {mace}
rCold   . . .      Faith    .    (no shield)
rNeg    + + .      Spirit   .    I - +0 troll leather armour
rPois   +          Reflect  .    c - +2 hat
rElec   .          Harm     .    k - +2 cloak
rCorr   .          Rampage  .    (gloves unavailable)
Will    +....      Rage     3%   (boots unavailable)
Stlth   +.........               v - amulet of the acrobat
HPRegen 0.00/turn                y - +6 ring of strength
MPRegen 0.15/turn                G - +6 ring of dexterity

@: sick, glowing
A: large, unfitting armour, tough skin 1, claws 1, berserk 1, poison resistance
a: Renounce Religion, Divine Shield, Cleansing Flame, Summon Divine Warrior


You were on level 1 of the Abyss.
You worshipped the Shining One.
The Shining One was extremely pleased with you.
You visited 5 branches of the dungeon, and saw 19 of its levels.
You visited the Abyss 1 time.
You also visited: Ossuary.

You collected 1680 gold pieces.
You spent 210 gold pieces at shops.


Innate Abilities, Weirdness & Mutations

You are too large for most types of armour.
You have tough skin. (AC +1)
You have sharp fingernails.
You sometimes lose your temper in combat.
Your system is resistant to poisons. (rPois)


   Skills:
 - Level 16.8 Fighting
 - Level 19.2 Maces & Flails
 - Level 2.0 Throwing
 - Level 5.9 Dodging
 + Level 3.8 Invocations


You had 13 spell levels left.
You didn't know any spells.
Your spell library contained the following spells:

 Spells                   Type           Power      Damage    Failure   Level
 Sandblast                Erth           0%         2d4       43%         1
 Summon Small Mammal      Summ           0%         N/A       43%         1
 Blink                    Tloc           0%         N/A       58%         2
 Cigotuvi's Dreadful Rot  Necr/Pois/Air  0%         N/A       58%         2
 Passwall                 Tmut/Erth      0%         N/A       58%         2
 Poisonous Vapours        Pois/Air       0%         N/A       58%         2
 Static Discharge         Conj/Air       0%         2-2/arc   58%         2
 Call Canine Familiar     Summ           0%         N/A       82%         3
 Gell's Gravitas          Tloc           0%         N/A       82%         3
 Hailstorm                Conj/Ice       0%         3d3       82%         3
 Mephitic Cloud           Conj/Pois/Air  0%         N/A       82%         3
 Ozocubu's Armour         Ice            0%         N/A       82%         3
 Stone Arrow              Conj/Erth      0%         3d7       82%         3
 Summon Guardian Golem    Hex/Summ       0%         N/A       82%         3
 Teleport Other           Tloc           0%         N/A       82%         3
 Vhi's Electric Charge    Tloc/Air       0%         N/A       82%         3
 Ice Form                 Ice/Tmut       0%         N/A       99%         4
 Manifold Assault         Tloc           0%         N/A       99%         4
 Summon Lightning Spire   Summ/Air       0%         N/A       99%         4
 Arcjolt                  Conj/Air       0%         1d10      100%        5
 Lightning Bolt           Conj/Air       0%         1d11      100%        5
 Metabolic Englaciation   Hex/Ice        0%         N/A       100%        5
 Summon Mana Viper        Hex/Summ       0%         N/A       100%        5
 Dispersal                Tloc           0%         N/A       100%        6
 Simulacrum               Ice/Necr       0%         N/A       100%        6
 Storm Form               Tmut/Air       0%         N/A       100%        7

Inventory:

Hand Weapons
 a - a +2 flail of electrocution (weapon) {mace}
 q - a +0 giant spiked club {mace}
   (You took it off a two-headed ogre on level 8 of the Dungeon)
Missiles
 d - 2 throwing nets (quivered) {=f!fthrowing}
 e - 7 large rocks {=fthrowing}
Armour
 c - a +2 hat (worn)
 k - a +2 cloak (worn)
   (You found it on level 3 of the Dungeon)
 p - the +2 robe "Puyhiwka" {rCorr}
   (You found it on level 3 of the Dungeon)

   rCorr:     It protects you from acid and corrosion.
 I - a +0 troll leather armour (worn)
   (You found it on level 1 of the Orcish Mines)
Magical Staves
 o - a staff of poison {!astaff}
   (You found it on level 4 of the Lair of Beasts)
Jewellery
 s - a ring of fire
   (You found it on level 5 of the Lair of Beasts)
 v - an amulet of the acrobat (around neck)
   (You found it on level 4 of the Dungeon)
 y - a +6 ring of strength (left claw)
   (You found it on level 6 of the Dungeon)
 G - a +6 ring of dexterity (right claw)
   (You found it on level 7 of the Dungeon)
 H - a ring of ice
   (You took it off Fannar on level 1 of the Orcish Mines)
 X - a ring of protection from fire
   (You found it on level 9 of the Dungeon)
Wands
 m - a wand of mindburst (5)
   (You found it on level 4 of the Lair of Beasts)
 t - a wand of flame (57)
   (You took it off Sigmund on level 2 of the Dungeon)
 u - a wand of iceblast (11)
   (You found it on level 2 of the Dungeon)
 F - a wand of polymorph (19)
   (You found it on level 7 of the Dungeon)
Scrolls
 f - 3 scrolls of poison
 g - a scroll of teleportation {@r4}
 r - 2 scrolls of immolation {!r!r}
 x - 3 scrolls of enchant weapon
 B - 2 scrolls of identify {@r1}
 C - a scroll of fog
 V - 3 scrolls of magic mapping {!r}
Potions
 h - 2 potions of heal wounds {@q2}
 i - 3 potions of lignification {!q}
 j - 3 potions of brilliance
 l - a potion of invisibility
 w - a potion of mutation {!q}
 z - 3 potions of attraction {!q}
 A - 2 potions of haste {@q3}
 D - 5 potions of curing {@q1}
 Y - a potion of flight
Miscellaneous
 b - a tin of tremorstones (inert) {throwing}
   (You found it on level 3 of the Lair of Beasts)

Dungeon Overview and Level Annotations

Branches:
Dungeon (11/15) Zot: 25377  Temple (1/1) D:5 Zot: 5981    Lair (5/5) D:9 Zot: 20495
  Swamp (0/4) Lair:3        Snake (0/4) Lair:2        Slime (1/5) Lair:5 Zot: 5992
    Orc (1/2) D:11 Zot: 5535 Ossuary (visited)

Altars:
Ashenzari
Dithmenos
Elyvilon
Fedhas
Gozag
Hepliaklqana
Kikubaaqudgha
Makhleb
Okawaru
Qazlal
Ru
Uskayaw
Vehumet
Wu Jian
Zin
The Shining One
Jiyva

Shops:
D:10 *=*(   Orc:1 (

Portals:
Hell: Lair:5

Annotations:
Orc:1 Erolcha

... . . . .
.... .......
..
.............
. . #. ..
...... #.
#........ ..
. #......
....... #....
.... ..
#####...
..... .
##@##......
#.##..
#..X....# ..
## .
##.#...... .
.
##........##
##..#....#
### ....
###.## #


You could see a large abomination.


Message History

Okay, then.
You fail to use your ability. 😨 MP[+1]
You fail to use your ability.
The brown very ugly thing barely misses you.
The brown very ugly thing stings you!
* * * LOW HITPOINT WARNING * * *
You are splashed with acid!
* * * LOW HITPOINT WARNING * * *
😱 HP[-16]
You take 16 damage, and now have 31/163 hp.
Unknown command.
You fail to use your ability.
The brown very ugly thing stings you!!
* * * LOW HITPOINT WARNING * * *
The acid corrodes you!
You are splashed with acid.
* * * LOW HITPOINT WARNING * * *
😱 HP[-29]
You take 29 damage, and now have 2/163 hp.
Unknown command.
Unknown command.
You fail to use your ability.
The brown very ugly thing barely misses you.
The brown very ugly thing closely misses you.
Unknown command.
Unknown command.
Really read
E - a scroll of blinking {!r}?
Blink to where?
Press: ? - help, Dir - move target
As you read the scroll of blinking {!r}, it crumbles to dust. 😱 MP[+1]
Your mp is fully restored (16).
As you read the scroll of teleportation {@r4}, it crumbles to dust.
You feel strangely unstable.
You feel the power of the Abyss delaying your translocation!
You feel yourself speed up.
You feel yourself speed up.
You recover from your berserk rage.
Your divine shield fades away.
You are suddenly pulled into a different region of the Abyss!
Unknown command.
You are confused.
You feel invigorated. 😱 HP[+3]
You regained 3 hp, and now have 5/163 hp. 😱 HP[+3]
You regained 3 hp, and now have 8/163 hp. 😱 HP[+3]
You regained 3 hp, and now have 11/163 hp. 😱 HP[+4]
You regained 4 hp, and now have 15/163 hp. 😱 HP[+2]
You regained 2 hp, and now have 17/163 hp. 😱 HP[+3]
You regained 3 hp, and now have 20/163 hp. 😱 HP[+3]
You regained 3 hp, and now have 23/163 hp. 😱 HP[+3]
You regained 3 hp, and now have 26/163 hp. 😱 HP[+2]
You regained 2 hp, and now have 28/163 hp.
You feel less invigorated.
You feel less confused. 😱 HP[+2]
You regained 2 hp, and now have 30/163 hp.
You start resting.
Your extra speed is starting to run out.
You feel better. 😱 HP[+5]
You regained 5 hp, and now have 35/163 hp.
Unknown command.
Okay, then.
You start resting.
You are no longer corroded.
You start resting.
You feel yourself slow down.
You start resting.
A large abomination comes into view.
Unknown command.
Unknown command.
You start resting.
A large abomination is nearby!
Unknown command.
A large abomination is nearby!
Unknown command.
A large abomination is nearby!
Unknown command.
Okay, then.
You fail to use your ability.
You fail to use your ability.
You fail to use your ability.
You fail to use your ability.
You fail to use your ability.
You fail to use your ability.
The large abomination hits you!!
* * * LOW HITPOINT WARNING * * *
😱 HP[-23]
You take 23 damage, and now have 12/163 hp.
You hit the large abomination. The large abomination hits you!
You die...

Skill      XL: |  1  2  3  4  5  6  7  8  9 10 11 12 13 14 |
---------------+-------------------------------------------+-----
Fighting       | 3 4 6 7 8 10 13 15 16 | 16.8
Maces & Flails | 3 4 5 6 7 9 11 12 14 17 19 | 19.2
Dodging        | 5 |  5.9
Invocations    | 3 |  3.8
Throwing       | |  2.0

Action                   |  1- 3 |  4- 6 |  7- 9 | 10-12 | 13-15 || total
-------------------------+-------+-------+-------+-------+-------++-------
Melee: Flail             |   110 |   124 |   349 |   437 |   644 ||  1664
       Punch             |     1 |     3 |     4 |     8 |     6 ||    22
Throw: Throwing net      |     2 |       |       |       |       ||     2
Invok: Divine Shield     |       |       |       |     2 |     1 ||     3
Evoke: Wand              |       |     7 |     5 |    28 |    27 ||    67
       Tin of tremorston |       |       |       |       |     4 ||     4
  Use: Scroll            |       |    12 |    10 |     5 |    15 ||    42
       Potion            |       |       |     1 |       |    14 ||    15
 Stab: Sleeping          |     1 |     3 |       |       |       ||     4
       Paralysed         |       |    10 |       |       |       ||    10
Armor: Robe              |    30 |    34 |   106 |   108 |   145 ||   423
       Skin              |       |       |       |       |    14 ||    14
       Troll leather arm |       |       |       |       |    10 ||    10
Dodge: Dodged            |    56 |    58 |   239 |   284 |   414 ||  1051
Block: Other             |       |       |       |     6 |     1 ||     7

Levels and vault maps discovered:
D:1:      dpeg_arrival_line_fractal, layout_rooms,
          shapermc_ecumenical_altar_starsandcircs
D:2:      layout_loops_ring, basic_altar, uniq_sigmund, uniq_jessica
D:3:      layout_loops_ring, kennysheep_generic_room_10
D:4:      layout_cave_pools
D:5:      layout_cave_pools, overflow_temple_1_default,
          mainiacjoe_overflow_alcove_1, nicolae_ru_great_annihilating_truth,
          minmay_temple_entry_statues_fountains, serial_bayou,
          serial_bayou_crossing, serial_bayou_ford_a, serial_bayou_pond_a,
          serial_bayou_pond_b, nicolae_ossuary_entry_giza, minivault_11
D:6:      layout_rooms, nicolae_wu_jian_immortal_techniques, old_standard_altar,
          serial_co_window_serial, co_window_of_opportunity_a,
          co_window_paths_b, co_window_of_opportunity_a,
          co_window_of_opportunity_a, co_window_paths_b,
          co_window_of_opportunity_a, co_window_corner_a,
          co_window_of_opportunity_b, co_window_corner_b, co_window_corner_b,
          co_window_corner_b, co_window_cross_3, co_window_unsneaky_path_a,
          glass_columns_b, glass_columns_b, uniq_edmund
D:7:      layout_loops_ring
D:8:      layout_rooms, eat_drink_and_be_merry_uskayaw, nrook_campfire,
          uniq_joseph
D:9:      layout_basic, dpeg_oklobed_lair
D:10:     layout_gridville, serial_shops, nicolae_shop_stone, shop,
          shop_fountains, shop_fountains
D:11:     layout_long_grid, minmay_orc_entry_temple_small, minivault_20,
          uniq_josephine, uniq_sonja
Temple:   compressed_dpeg_triangle_lava_temple
Lair:1:   layout_regular_city
Lair:2:   layout_roguey, guppyfry_snake_entry_garden, lemuel_fruit_tree
Lair:3:   layout_roguey, nicolae_swamp_entry_splash_gauntlet
Lair:4:   layout_misc_corridors, beast_lair_carwin_1, grunt_megastairs_3
Lair:5:   evil_forest, layout_cave_shapes, slime_entry_1
Slime:1:  layout_caves
Orc:1:    layout_caves, serial_shops, nicolae_shop_stone, uniq_erolcha,
          uniq_fannar
Abyss:1:  base: Slime:1, hangedman_abyss_shoalhut

Notes
Turn   | Place    | Note
-------+----------+-------------------------------------------
     0 | D:1      | MackTheKnife the Ogre Gladiator began the quest for the
                  | Orb.
     0 | D:1      | Reached XP level 1. HP: 22/22 MP: 1/1
     0 | D:1      | magus.rc [v1.9.6]
     5 | D:1      | You pick up a book of Geomancy and begin reading...
     5 | D:1      | You add the spells Sandblast, Passwall and Stone Arrow to
                  | your library.
    42 | D:1      | Reached skill level 3 in Fighting
   148 | D:1      | Reached XP level 2. HP: 31/31 MP: 2/2
   163 | D:1      | Reached skill level 3 in Maces & Flails
   220 | D:1      | HP: 7/31 [jackal (1)]
   419 | D:1      | Reached XP level 3. HP: 33/39 MP: 3/3
   655 | D:1      | Reached skill level 4 in Fighting
   718 | D:1      | Found a faded altar of an unknown god.
   719 | D:1      | You pick up a book of Lightning and begin reading...
   719 | D:1      | You add the spells Static Discharge, Vhi's Electric Charge,
                  | Lightning Bolt and Arcjolt to your library.
   808 | D:1      | You pick up a book of Callings and begin reading...
   808 | D:1      | You add the spells Summon Small Mammal, Call Canine
                  | Familiar and Summon Guardian Golem to your library.
   941 | D:2      | Found a broken altar of Ashenzari.
   953 | D:2      | Reached XP level 4. HP: 48/48 MP: 4/4
  1095 | D:2      | Noticed Jessica
  1110 | D:2      | Killed Jessica
  1321 | D:2      | Noticed Sigmund
  1338 | D:2      | Killed Sigmund
  1339 | D:2      | Reached skill level 6 in Fighting
  1339 | D:2      | Reached skill level 4 in Maces & Flails
  1339 | D:2      | Reached XP level 5. HP: 33/59 MP: 5/5
  1339 | D:2      | Reached XP level 6. HP: 37/67 MP: 6/6
  2079 | D:3      | You add the spells Gell's Gravitas, Teleport Other and
                  | Dispersal to your library.
  2495 | D:3      | Identified the +2 robe "Puyhiwka" {rCorr}
  2757 | D:4      | Noticed a black bear
  2766 | D:4      | Killed a black bear
  2767 | D:4      | Reached skill level 5 in Maces & Flails
  2791 | D:4      | magus.rc [v1.9.6]
  3174 | D:4      | Reached skill level 7 in Fighting
  3174 | D:4      | Reached XP level 7. HP: 76/78 MP: 7/7
  3214 | D:4      | HP: 19/78 [poisoned by a scorpion]
  3219 | D:4      | HP: 13/78 [poisoned by a scorpion]
  3724 | D:5      | Entered Level 5 of the Dungeon
  3783 | D:5      | Found a sand-covered staircase.
  3825 | Ossuary  | Entered an ossuary
  3879 | Ossuary  | Reached skill level 8 in Fighting
  3879 | Ossuary  | Reached skill level 6 in Maces & Flails
  3977 | Ossuary  | Reached XP level 8. HP: 85/89 MP: 8/8
  4230 | Ossuary  | Reached skill level 9 in Fighting
  4511 | D:5      | Found an iron altar of Okawaru.
  4610 | D:5      | Found a staircase to the Ecumenical Temple.
  4612 | D:5      | Found a blossoming altar of Fedhas.
  4622 | Temple   | Entered the Ecumenical Temple
  4632 | Temple   | Became a worshipper of the Shining One
  4724 | D:5      | Found a sacrificial altar of Ru.
  4839 | D:5      | Reached skill level 7 in Maces & Flails
  5279 | D:6      | Found a burning altar of Makhleb.
  5368 | D:6      | Gained mutation: Your system is resistant to poisons.
                  | (rPois) [potion of mutation]
  5368 | D:6      | Gained mutation: You have sharp fingernails. [potion of
                  | mutation]
  5546 | D:6      | Found an ornate altar of the Wu Jian Council.
  5606 | D:6      | Noticed Edmund
  5624 | D:6      | Killed Edmund
  5625 | D:6      | Reached skill level 10 in Fighting
  5940 | D:6      | Reached XP level 9. HP: 84/102 MP: 9/9
  6287 | D:7      | Reached skill level 11 in Fighting
  6287 | D:7      | Reached skill level 8 in Maces & Flails
  6345 | D:7      | You add the spells Blink, Manifold Assault and Storm Form
                  | to your library.
  6888 | D:7      | Reached * piety under the Shining One
  7164 | D:8      | Noticed a hornet
  7346 | D:8      | Noticed a two-headed ogre
  7357 | D:8      | Noticed Joseph
  7358 | D:8      | Killed a two-headed ogre
  7359 | D:8      | Reached skill level 12 in Fighting
  7359 | D:8      | Reached skill level 9 in Maces & Flails
  7385 | D:7      | Killed Joseph
  7386 | D:7      | Reached skill level 13 in Fighting
  7386 | D:7      | Reached XP level 10. HP: 62/119 MP: 10/10
  7548 | D:8      | Found a hide-covered altar of Uskayaw.
  7768 | D:8      | Noticed a two-headed ogre
  7786 | D:8      | Killed a two-headed ogre
  7787 | D:8      | Reached skill level 10 in Maces & Flails
  8233 | D:9      | Reached skill level 14 in Fighting
  8458 | D:9      | You pick up a book of the Tundra and begin reading...
  8458 | D:9      | You add the spells Hailstorm, Ice Form and Simulacrum to
                  | your library.
  8691 | D:9      | Reached ** piety under the Shining One
  9045 | D:9      | Found a staircase to the Lair.
  9123 | D:9      | Reached skill level 11 in Maces & Flails
  9127 | D:9      | Reached skill level 15 in Fighting
  9127 | D:9      | Reached XP level 11. HP: 96/132 MP: 11/11
  9469 | D:10     | Entered Level 10 of the Dungeon
  9512 | D:10     | Found Luuz's General Store.
  9518 | D:10     | Bought a potion of heal wounds for 70 gold pieces
  9524 | D:10     | Reached skill level 3 in Dodging
 10213 | D:10     | Found Xehosiuv's Antique Weapon Shoppe.
 10218 | D:10     | Bought a glowing broad axe for 140 gold pieces
 10295 | D:10     | Found Ininuunu's Jewellery Boutique.
 10375 | D:10     | Reached skill level 4 in Dodging
 10436 | D:10     | Found Anuulom's General Store.
 10768 | D:11     | Noticed a two-headed ogre
 10825 | Lair:1   | Entered Level 1 of the Lair of Beasts
 10977 | Lair:1   | You fall into a shaft and drop 1 floor!
 11026 | Lair:1   | Reached skill level 5 in Dodging
 11099 | Lair:1   | Reached skill level 12 in Maces & Flails
 11367 | Lair:1   | Identified the +2 spear of Ubirreifadi {drain, rPois Will++
                  | Int-3 Dex-2}
 12295 | Lair:2   | Reached *** piety under the Shining One
 12302 | Lair:2   | Noticed a seven-headed hydra
 12311 | Lair:2   | Killed a seven-headed hydra
 12312 | Lair:2   | Reached XP level 12. HP: 133/143 MP: 8/12
 12451 | Lair:2   | Reached skill level 16 in Fighting
 12501 | Lair:2   | Found a staircase to the Snake Pit.
 12788 | Lair:2   | Noticed a four-headed hydra
 12794 | Lair:2   | Killed a four-headed hydra
 12795 | Lair:2   | Reached skill level 13 in Maces & Flails
 14128 | Lair:3   | Noticed a seven-headed hydra
 14140 | Lair:3   | Killed a seven-headed hydra
 14333 | Lair:3   | Reached skill level 14 in Maces & Flails
 14652 | Lair:3   | Reached **** piety under the Shining One
 14844 | Lair:3   | Found a staircase to the Swamp.
 15035 | Lair:4   | Reached XP level 13. HP: 150/154 MP: 13/13
 15122 | Lair:4   | Reached skill level 15 in Maces & Flails
 15285 | Lair:4   | You pick up a book of Winter and begin reading...
 15285 | Lair:4   | You add the spells Ozocubu's Armour and Metabolic
                  | Englaciation to your library.
 15930 | Lair:4   | Reached skill level 16 in Maces & Flails
 17025 | Lair:5   | Entered Level 5 of the Lair of Beasts
 17025 | Lair:5   | Found a viscous altar of Jiyva.
 17025 | Lair:5   | Found a staircase to the Slime Pits.
 17027 | Lair:5   | You pick up a book of Vapours and begin reading...
 17027 | Lair:5   | You add the spells Poisonous Vapours, Cigotuvi's Dreadful
                  | Rot and Mephitic Cloud to your library.
 17449 | Lair:5   | Reached skill level 17 in Maces & Flails
 17727 | Lair:5   | Found a burning altar of Makhleb.
 17873 | Lair:5   | HP: 31/154 [sun demon (9)]
 17876 | Lair:5   | Reached ***** piety under the Shining One
 18239 | Lair:5   | Noticed a dire elephant
 18263 | Lair:5   | Killed a dire elephant
 18264 | Lair:5   | Reached XP level 14. HP: 105/163 MP: 14/14
 18866 | Lair:5   | HP: 36/163 [komodo dragon (18)]
 19327 | Lair:5   | Reached skill level 18 in Maces & Flails
 19329 | Slime:1  | Entered Level 1 of the Pits of Slime
 20291 | Lair:5   | Found a gateway to Hell.
 20543 | D:11     | Identified the +2 quarterstaff of Reasonable Exoneration
                  | {freeze, *Slow rN++ Str+10}
 20870 | D:11     | Noticed Sonja
 20873 | D:11     | Killed Sonja
 20917 | D:11     | HP: 39/163 [skeletal warrior/+0 trident (11)]
 21699 | D:11     | Found a staircase to the Orcish Mines.
 21787 | D:11     | Noticed Josephine
 21801 | D:11     | Killed Josephine
 21806 | D:11     | Reached skill level 19 in Maces & Flails
 22027 | D:11     | You add the spells Summon Lightning Spire and Summon Mana
                  | Viper to your library.
 22027 | D:11     | Got the Textbook on Adjuration {@e2}
 22079 | Orc:1    | Entered Level 1 of the Orcish Mines
 22079 | Orc:1    | Noticed Fannar
 22118 | Orc:1    | Killed Fannar
 22401 | Orc:1    | Found Meczusus's Antique Weapon Boutique.
 22576 | Orc:1    | Noticed Erolcha
 22581 | Orc:1    | You are cast into the Abyss!
 22581 | Abyss:1  | Cast into level 1 of the Abyss (Erolcha)
 22621 | Abyss:1  | Noticed a tentacled starspawn
 22652 | Abyss:1  | Gained mutation: You sometimes lose your temper in combat.
                  | [a neqoxec]
 22658 | Abyss:1  | Reached skill level 1 in Invocations
 22692 | Abyss:1  | Reached skill level 2 in Invocations
 22698 | Abyss:1  | Killed a tentacled starspawn
 22699 | Abyss:1  | Reached skill level 3 in Invocations
 22708 | Abyss:1  | Noticed a brown very ugly thing
 22710 | Abyss:1  | HP: 39/163 [ancient zyme (8)]
 22720 | Abyss:1  | HP: 25/163 [brown very ugly thing (23)]
 22724 | Abyss:1  | HP: 7/163 [brown very ugly thing (24)]
 22724 | Abyss:1  | HP: 2/163 [acid (5)]
 22824 | Abyss:1  | HP: 12/163 [large abomination (23)]
 22825 | Abyss:1  | Slain by a large abomination

Vanquished Creatures
  A tentacled starspawn (Abyss:1)
  A dire elephant (Lair:5)
  Josephine (D:11)
  A great orb of eyes (Lair:5)
  Fannar (Orc:1)
  A catoblepas (Lair:4)
  5 hydras
  A death knight (D:11)
  2 boulder beetles
  3 two-headed ogres
  Sonja (D:11)
  A sun demon (Lair:5)
  3 skeletal warriors (D:11)
  A sixfirhy (Abyss:1)
  3 bog bodies (Lair:3)
  A wizard (Lair:5)
  A lindwurm (Lair:5)
  An orc knight (D:11)
  An ugly thing (D:11)
  A will-o-the-wisp (Abyss:1)
  A cyclops (D:11)
  An orange demon (Lair:5)
  Joseph (D:7)
  12 elephants
  2 black mambas (Lair:5)
  A torpor snail (Lair:3)
  A smoke demon (Lair:5)
  13 cane toads
  4 rime drakes
  4 ice devils (Lair:5)
  6 komodo dragons
  A freezing wraith (D:11)
  3 polar bears
  A hornet (D:8)
  4 trolls
  29 blink frogs
  8 dream sheep
  3 raiju (Abyss:1)
  Sigmund (D:2)
  2 vampires
  6 wyverns
  3 wraiths (D:11)
  A shadow (D:10)
  3 basilisks
  27 yaks
  A neqoxec (Abyss:1)
  Edmund (D:6)
  A warg (D:11)
  2 swamp worms (Lair:3)
  8 water moccasins
  5 hell hounds (Lair:5)
  A sky beast (D:7)
  An ice beast (D:8)
  8 orc warriors
  2 black bears
  36 wolves
  7 centaurs
  4 elf zombies (Ossuary)
  A kobold brigand (D:7)
  8 bullfrogs
  A necrophage (D:5)
  3 scorpions
  4 wights (D:9)
  15 killer bees
  An electric eel (Lair:3)
  5 howler monkeys
  A centaur zombie (Ossuary)
  5 hounds
  A jelly (D:6)
  A gnoll bouda (D:7)
  8 orc priests
  2 human zombies (Ossuary)
  Jessica (D:2)
  9 orc wizards
  13 hell rats (Lair:3)
  4 mummies
  8 gnolls
  2 adders
  5 white imps
  An ufetubus (D:5)
  2 adder zombies (Ossuary)
  2 worms (D:2)
  3 dart slugs
  40 orcs
  14 ball pythons
  11 endoplasms
  6 goblins
  5 hobgoblins
  5 jackals
  7 kobolds
  5 quokkas
  A bat (D:5)
  3 frilled lizards
  4 goblin zombies (Ossuary)
  3 hobgoblin zombies
  4 jackal zombies (Ossuary)
  7 kobold zombies
  2 orc zombies (Ossuary)
  3 quokka zombies (Ossuary)
  7 rats
  7 rat zombies (Ossuary)
486 creatures vanquished.

Vanquished Creatures (others)
  An orc (Orc:1)
  5 foxfires (Abyss:1)
  32 fungi
  34 plants
  8 starspawn tentacles (Abyss:1)
80 creatures vanquished.

Grand Total: 566 creatures vanquished

Table legend:
 A = Non-vault XP
 B = Vault XP
 C = Vault XP percentage of total XP
 D = Non-vault monster count
 E = Vault monster count
 F = Vault count percentage of total count
                 A         B        C        D         E       F
            +---------+---------+-------+---------+---------+-------
      Total |   54725 |   26092 |  32.3 |     364 |     122 |  25.1
            +---------+---------+-------+---------+---------+-------
        D:1 |      71 |       0 |   0.0 |      33 |       0 |   0.0
        D:2 |      33 |     263 |  88.9 |      16 |       2 |  11.1
        D:3 |      16 |       2 |  11.1 |       7 |       1 |  12.5
        D:4 |     372 |       0 |   0.0 |      19 |       0 |   0.0
        D:5 |     337 |      76 |  18.4 |       8 |       9 |  52.9
        D:6 |     426 |     176 |  29.2 |      10 |       1 |   9.1
        D:7 |     873 |     450 |  34.0 |      31 |       1 |   3.1
        D:8 |    2799 |       0 |   0.0 |      17 |       0 |   0.0
        D:9 |    2850 |       0 |   0.0 |      32 |       0 |   0.0
       D:10 |    2392 |       0 |   0.0 |      14 |       0 |   0.0
       D:11 |    6004 |    3741 |  38.4 |      10 |      14 |  58.3
     Lair:1 |    3675 |       0 |   0.0 |      16 |       0 |   0.0
     Lair:2 |    7476 |       0 |   0.0 |      26 |       0 |   0.0
     Lair:3 |    6597 |    2398 |  26.7 |      34 |       6 |  15.0
     Lair:4 |    7155 |    7508 |  51.2 |      27 |      22 |  44.9
     Lair:5 |    8280 |    9967 |  54.6 |      37 |      25 |  40.3
      Orc:1 |    1538 |     883 |  36.5 |      20 |       1 |   4.8
    Abyss:1 |    3831 |       0 |   0.0 |       7 |       0 |   0.0
    Ossuary |       0 |     628 | 100.0 |       0 |      40 | 100.0
            +---------+---------+-------+---------+---------+-------

Illustrated notes

Table legend:
 A = Kills in this place as a percentage of kills in entire the game.
 B = Kills by you in this place as a percentage of kills by you in the entire game.
 C = Kills by friends in this place as a percentage of kills by friends in the entire game.
 D = Other kills in this place as a percentage of other kills in the entire game.
 E = Experience gained in this place as a percentage of experience gained in the entire game.
 F = Experience gained in this place divided by the number of levels of this place that you have seen.
                   A       B       C       D       E      F
               +-------+-------+-------+-------+-------+----------------------
         Total | 100.0 | 100.0 |   N/A |   N/A | 100.0 | 3848.4
       Dungeon |  46.3 |  46.3 |   N/A |   N/A |  25.8 | 1898.3
          Lair |  39.7 |  39.7 |   N/A |   N/A |  65.6 | 10611.2
  Orcish Mines |   4.3 |   4.3 |   N/A |   N/A |   3.0 | 2421.0
         Abyss |   1.4 |   1.4 |   N/A |   N/A |   4.7 | 3831.0
       Ossuary |   8.2 |   8.2 |   N/A |   N/A |   0.8 | 628.0
               +-------+-------+-------+-------+-------+----------------------

Table legend: (Time is in decaauts)
 A = Elapsed time spent in this place.
 B = Non-inter-level travel time spent in this place.
 C = Inter-level travel time spent in this place.
 D = Time resting spent in this place.
 E = Time spent auto-exploring this place.
 F = Levels seen in this place.
 G = Mean time per level.
                   A        B        C        D        E       F      G
               +--------+--------+--------+--------+--------+-----+--------+
         Total |  22618 |  21864 |    754 |   6883 |  11595 |  21 | 1077.0 |
       Dungeon |  11821 |  11386 |    435 |   2436 |   7284 |  11 | 1074.6 |
        Temple |     18 |     11 |      7 |      0 |      0 |   1 |   18.0 |
          Lair |   9504 |   9193 |    311 |   4352 |   3646 |   5 | 1900.8 |
    Slime Pits |      7 |      7 |      0 |      0 |      0 |   1 |    7.0 |
  Orcish Mines |    463 |    463 |      0 |      0 |    307 |   1 |  463.0 |
         Abyss |    210 |    210 |      0 |     34 |     25 |   1 |  210.0 |
       Ossuary |    592 |    592 |      0 |     61 |    333 |   1 |  592.0 |
               +--------+--------+--------+--------+--------+-----+--------+

Top non-repeatable levels by time:
  Lair:5: 2658 daAuts
  Lair:4: 2545 daAuts
  Lair:3: 1737 daAuts
    D:10: 1556 daAuts
  Lair:2: 1387 daAuts
     D:7: 1352 daAuts
    D:11: 1329 daAuts
     D:9: 1262 daAuts
  Lair:1: 1175 daAuts
     D:6: 996 daAuts
     D:4: 978 daAuts
     D:2: 973 daAuts
     D:3: 959 daAuts
     D:1: 867 daAuts
     D:5: 803 daAuts
